 Dungeon Crawl Stone Soup version 0.31-a0-128-g25add195a6 (webtiles) character file.

Game seed: 17587949204538574658

7170 jasper the Geomancer (level 10, -12/55 HPs)
             Began as a Spriggan Earth Elementalist on June 1, 2023.
             Was an Initiate of Ashenzari.
             Mangled by a freezing wraith (14 damage)
             ... on level 8 of the Dungeon.
             The game lasted 00:11:55 (8499 turns).

jasper the Geomancer (Spriggan Earth Elementalist)  Turns: 8499, Time: 00:11:56

Health: -12/55     AC:  3    Str:  4    XL:     10   Next: 86%
Magic:  10/15      EV: 23    Int: 23    God:    Ashenzari [......]
Gold:   190        SH:  0    Dex: 17    Spells: 8/14 levels left

rFire   . . .        y - +3 scimitar (flame)
rCold   . . .        (no shield)
rNeg    . . .        a - +0 robe
rPois   +            (helmet restricted)
rElec   .            t - +0 cloak
rCorr   .            (gloves unavailable)
SInv    +            (boots unavailable)
Will    ++...        (no amulet)
Stlth   +++++        x - ring "Padd" {rPois Int+3}
HPRegen 0.29/turn    C - ring of willpower
MPRegen 0.14/turn

%: no passive effects
@: slowed, studying Maces & Flails, quick
A: very small, no large weapons, unfitting armour, see invisible, speed 3
a: Renounce Religion, Curse Item


You were on level 8 of the Dungeon.
You worshipped Ashenzari.
Ashenzari was noncommittal.
You visited 2 branches of the dungeon, and saw 10 of its levels.

You collected 589 gold pieces.
You spent 399 gold pieces at shops.

Inventory:

Hand Weapons
 g - a +0 short sword
 n - a +2 trident of protection
 p - a +0 rapier
 y - a +3 scimitar of flaming (weapon)
Missiles
 z - a curare-tipped dart
Armour
 a - a +0 robe (worn)
 o - a +0 cloak
 t - a +0 cloak (worn)
Jewellery
 c - a ring of ice
 f - a +6 ring of strength
 x - the ring "Padd" (left hand) {rPois Int+3}
   (You bought it in a shop on level 7 of the Dungeon)

   [ring of poison resistance]

   Int:       It affects your intelligence (+3).
   rPois:     It protects you from poison.
 C - a ring of willpower (right hand)
Wands
 v - a wand of flame (16)
Scrolls
 d - a scroll of teleportation
 h - a scroll of vulnerability
 j - a scroll of poison
 k - 4 scrolls of immolation
 B - a scroll of summoning
Potions
 b - a potion of magic
 e - 3 potions of attraction
 i - 7 potions of curing
 l - 3 potions of brilliance
 m - a potion of ambrosia
 q - 2 potions of might {unknown}
 r - 3 potions of mutation {unknown}
 s - 2 potions of lignification {unknown}
 u - 2 potions of resistance {unknown}
 w - a potion of heal wounds {unknown}
 A - a potion of degeneration {unknown}


   Skills:
 + Level 7.3 Fighting
 - Level 10.0 Dodging
 - Level 10.0 Stealth
 - Level 2.6 Spellcasting
 - Level 1.3 Transmutations
 - Level 10.2 Earth Magic


You had 8 spell levels left.
You knew the following spells:

 Your Spells              Type           Power      Damage    Failure   Level
a - Sandblast             Erth           100%       2d20      1%          1
b - Passwall              Tmut/Erth      24%        N/A       1%          2
c - Stone Arrow           Conj/Erth      52%        3d10      4%          3

Your spell library contained the following spells:

 Spells                   Type           Power      Damage    Failure   Level
 Petrify                  Tmut/Erth      29%        N/A       11%         4
 Kiss of Death            Conj/Necr      12%        2d6       12%         1
 Slow                     Hex            12%        N/A       12%         1
 Animate Armour           Summ/Erth      52%        N/A       14%         4
 Confusing Touch          Hex            3%         N/A       34%         3
 Vampiric Draining        Necr           3%         2d6       34%         3
 Dispel Undead            Necr           3%         3d7       75%         4
 Lehudib's Crystal Spear  Conj/Erth      13%        10d4      100%        8


Dungeon Overview and Level Annotations

Branches:
Dungeon (9/15)             Temple (1/1) D:5
   Lair: D:8-11         Orc: D:9-12

Altars:
Ashenzari
Cheibriados
Dithmenos
Elyvilon
Fedhas
Gozag
Hepliaklqana
Ru
Sif Muna
Xom
Zin
The Shining One

Shops:
D:7 *

Annotations:
D:3 3 runed translucent doors, ZoeForever1's ghost, amateur DEAE


Innate Abilities, Weirdness & Mutations

You are very small and have problems with some larger weapons.
You are too small for most types of armour.
You have supernaturally acute eyesight. (SInv)
You cover ground extremely quickly. (Speed+++)


Message History

Aim: a freezing wraith (moderately damaged, 85% to hit)
The blast of sand misses the freezing wraith.
The freezing wraith barely misses you. The freezing wraith hits you!
The freezing wraith drains your vigour!
You feel yourself slow down.
The deep elf pyromancer casts a spell.
You take 9 damage, and have 46/55 hp.
You now have 10/15 mp.
There is a stone staircase leading up here.
Okay, then.
The freezing wraith completely misses you.
The freezing wraith hits you but does no damage.
You climb upwards.
There is a stone staircase leading down here.
Okay, then.
Casting: Sandblast (safe; 1% risk of failure)
Confirm with . or Enter, or press ? or * to list all spells.
Aiming: Sandblast (safe; 1% risk of failure)
Press: ? - help, Shift-Dir - straight line, f - freezing wraith
Aim: a freezing wraith (moderately damaged, 85% to hit)
The blast of sand hits the freezing wraith!
The freezing wraith is heavily damaged.
The freezing wraith completely misses you.
The freezing wraith closely misses you.
The freezing wraith completely misses you.
The freezing wraith hits you!
You take 10 damage, and have 38/55 hp.
You now have 10/15 mp.
Casting: Sandblast (safe; 1% risk of failure)
Confirm with . or Enter, or press ? or * to list all spells.
Aiming: Sandblast (safe; 1% risk of failure)
Press: ? - help, Shift-Dir - straight line, f/p - freezing wraith
Aim: a freezing wraith (heavily damaged, 85% to hit)
The blast of sand hits the freezing wraith but does no damage.
The freezing wraith is heavily damaged.
The freezing wraith hits you! The freezing wraith freezes you!
* * * LOW HITPOINT WARNING * * *
The freezing wraith closely misses you. The freezing wraith misses you.
The freezing wraith completely misses you.
The freezing wraith hits you!
* * * LOW HITPOINT WARNING * * *
The freezing wraith freezes you!
You die...

..######.# #.#####.######
.........#########.##.........#
..########.......#.##.##.####.#
..# #.#####.#.......# #.# ..#
#.#####.#.####### #.# ..#
#.##......# #.# ..# #.##.##.###
#.# .#########.##.##.### #.#
.#.......#.....W@..#### ###.#
.#.#####.###..###.....# #...#
.......#.# #..###.....# ##.###
.......#.# #..#.......# #...#
.......#.# #..........# #...#
.#.##.##.###..........# #...#
.#................##### #.###
.###########.......##### #.# .#
###...........# #.#


You could see a freezing wraith.

Vanquished Creatures
  A two-headed ogre (D:8)
  Erica (D:8)
  2 trolls
  2 hornets
  Prince Ribbit (D:8)
  Grinder (D:4)
  Sigmund (D:3)
  2 wyverns (D:7)
  Eustachio (D:4)
  2 steam dragons (D:8)
  Menkaure (D:4)
  Edmund (D:4)
  A water moccasin (D:5)
  2 ice beasts
  2 centaurs
  6 ogres
  A phantom (D:7)
  A kobold brigand (D:8)
  7 bullfrogs
  A gnoll sergeant (D:8)
  Blork the orc (D:6)
  3 scorpions
  14 wights (D:7)
  A killer bee (shapeshifter) (D:8)
  7 killer bees
  2 howler monkeys
  6 hounds
  3 jellies
  A sleepcap (D:7)
  3 iguanas
  Natasha (thrice) (D:4)
  3 orc wizards (D:8)
  13 adders
  3 shadow imps
  An ufetubus (D:6)
  4 worms
  12 orcs
  5 ball pythons
  10 endoplasms
  2 giant cockroaches (D:1)
  9 goblins
  8 hobgoblins
  6 jackals (D:2)
  9 kobolds
  4 quokkas
  4 bats
  3 frilled lizards
  3 rats
180 creatures vanquished.

Notes
Turn   | Place    | Note
-------+----------+-------------------------------------------
     0 | D:1      | jasper the Spriggan Earth Elementalist began the quest for
                  | the Orb.
     0 | D:1      | Reached XP level 1. HP: 9/9 MP: 5/5
   594 | D:1      | Reached XP level 2. HP: 13/13 MP: 3/6
   597 | D:1      | Learned a level 2 spell: Passwall
  1231 | D:2      | Reached XP level 3. HP: 14/16 MP: 4/8
  2352 | D:3      | Noticed Sigmund
  2358 | D:3      | Killed Sigmund
  2359 | D:3      | Reached skill level 5 in Earth Magic
  2359 | D:3      | Reached XP level 4. HP: 21/21 MP: 2/9
  2359 | D:3      | Reached XP level 5. HP: 24/24 MP: 2/10
  2434 | D:3      | Learned a level 3 spell: Stone Arrow
  2668 | D:3      | Found a runed translucent gate.
  2669 | D:3      | Found a runed translucent gate.
  2669 | D:3      | Found a runed translucent gate.
  2672 | D:3      | You fall into a shaft and drop 3 floors!
  2698 | D:6      | Reached XP level 6. HP: 28/28 MP: 8/11
  2799 | D:5      | Entered Level 5 of the Dungeon
  2830 | D:5      | Noticed a water moccasin
  2833 | D:5      | Noticed an ice beast
  2834 | D:5      | Killed a water moccasin
  2837 | D:5      | Killed an ice beast
  2838 | D:5      | Reached XP level 7. HP: 32/32 MP: 6/12
  2849 | D:5      | Found a staircase to the Ecumenical Temple.
  2856 | Temple   | Entered the Ecumenical Temple
  2909 | Temple   | Became a worshipper of Ashenzari the Shackled
  2961 | D:5      | Noticed a troll
  2966 | D:5      | Killed a troll
  3108 | D:5      | Reached XP level 8. HP: 36/36 MP: 10/13
  3173 | D:4      | Found a glowing silver altar of Zin.
  3394 | D:4      | Noticed Eustachio
  3407 | D:4      | Killed Eustachio
  3515 | D:4      | Found a shimmering altar of Xom.
  3559 | D:4      | Noticed Natasha
  3560 | D:4      | Killed Natasha
  3592 | D:4      | Found a faded altar of an unknown god.
  3592 | D:4      | Found a faded altar of an unknown god.
  3592 | D:4      | Noticed Edmund
  3595 | D:4      | Killed Edmund
  3596 | D:4      | Reached skill level 10 in Earth Magic
  3613 | D:4      | Noticed Natasha
  3617 | D:4      | Killed Natasha
  3665 | D:4      | Found a blossoming altar of Fedhas.
  3667 | D:4      | Found a glowing golden altar of the Shining One.
  3669 | D:4      | Found a white marble altar of Elyvilon.
  3750 | D:4      | Noticed Menkaure
  3753 | D:4      | Killed Menkaure
  3754 | D:4      | Reached skill level 1 in Fighting
  3866 | D:3      | Noticed ZoeForever1's ghost (amateur DEAE)
  3887 | D:3      | Found a faded altar of an unknown god.
  4428 | D:4      | Noticed Natasha
  4433 | D:4      | Killed Natasha
  4498 | D:4      | Noticed Grinder
  4506 | D:4      | Killed Grinder
  4507 | D:4      | Reached skill level 5 in Stealth
  4507 | D:4      | Reached XP level 9. HP: 42/42 MP: 7/14
  5196 | D:6      | Reached skill level 5 in Dodging
  5564 | D:6      | Noticed Blork the orc
  5566 | D:6      | Killed Blork the orc
  6321 | D:7      | Found Yfyutuf's Serpentskin Sales.
  6413 | D:7      | Reached XP level 10. HP: 51/51 MP: 12/15
  6941 | D:7      | Bought the ring "Padd" {rPois Int+3} for 399 gold pieces
  7189 | D:8      | Noticed Erica
  7197 | D:8      | Killed Erica
  7198 | D:8      | Reached skill level 5 in Fighting
  7198 | D:8      | Reached skill level 10 in Stealth
  7797 | D:8      | Found a snail-covered altar of Cheibriados.
  7797 | D:8      | Noticed Prince Ribbit
  7799 | D:8      | Killed Prince Ribbit
  8065 | D:9      | Noticed a two-headed ogre
  8068 | D:9      | Noticed a rakshasa
  8105 | D:9      | Reached skill level 10 in Dodging
  8119 | D:8      | Killed a two-headed ogre
  8234 | D:9      | Noticed a centaur warrior
  8485 | D:9      | Noticed a deep elf pyromancer
  8499 | D:8      | HP: 2/55 [freezing wraith (7)]
  8499 | D:8      | Mangled by a freezing wraith

Illustrated notes

Levels and vault maps discovered:
D:1:      amcnicky_arrival_feature_with_door, layout_basic
D:2:      layout_loops_corners
D:3:      layout_loops_ring, nicolae_ecumenical_lake_church,
          gammafunk_ghost_icy, uniq_sigmund
D:4:      layout_rooms, lemuel_coloured_pillars_altar,
          chequers_temple_overflow_minitemple, mainiacjoe_overflow_alcove_1,
          minmay_surrounded, uniq_menkaure, uniq_edmund, uniq_grinder,
          uniq_eustachio, uniq_natasha
D:5:      layout_loops_cross, minmay_temple_entry_arrows
D:6:      layout_rooms, minmay_fractal_squares_diagonal_5, uniq_blork_the_orc
D:7:      layout_basic, dk_vineyard_3, moated_statue, guppyfry_shop_venom
D:8:      layout_loops_cross, general_overflow_altar, minmay_manual_moon,
          uniq_erica, uniq_prince_ribbit1
D:9:      minmay_the_grid_four_pointed_star_mashed
          [minmay_the_grid_triangle_9x9_swiss_cheese,
          minmay_the_grid_triangle_9x9_impossible_snake,
          minmay_the_grid_triangle_9x9_alien,
          minmay_the_grid_triangle_9x9_empty,
          minmay_the_grid_prize_four_corners], layout_grid_maze,
          dpeg_lair_monsters, david_orc_3, serial_shops,
          nicolae_inconvenience_store
Temple:   nicolae_temple_superstar

Skill      XL: |  1  2  3  4  5  6  7  8  9 10 |
---------------+-------------------------------+-----
Earth Magic    | 3 5 6 7 9 10 | 10.2
Fighting       | 2 4 7 |  7.3
Dodging        | 4 7 10 | 10.0
Stealth        | 5 9 10 | 10.0
Spellcasting   | |  2.6
Transmutations | |  1.3

Action                     |  1- 3 |  4- 6 |  7- 9 | 10-12 || total
---------------------------+-------+-------+-------+-------++-------
   Cast: Sandblast         |    65 |    23 |   167 |   107 ||   362
    Use: Scroll            |     8 |       |     4 |     1 ||    13
 Armour: Robe              |     1 |       |     4 |     4 ||     9
  Dodge: Dodged            |    17 |     1 |    90 |    74 ||   182

Table legend: (Time is in decaauts)
 A = Elapsed time spent in this place.
 B = Non-inter-level travel time spent in this place.
 C = Inter-level travel time spent in this place.
 D = Time resting spent in this place.
 E = Time spent auto-exploring this place.
 F = Levels seen in this place.
 G = Mean time per level.
                   A        B        C        D        E       F      G
               +--------+--------+--------+--------+--------+-----+--------+
         Total |   6552 |   6316 |    236 |    366 |   4957 |  10 |  655.2 |
       Dungeon |   6494 |   6269 |    225 |    366 |   4915 |   9 |  721.6 |
        Temple |     58 |     48 |     10 |      0 |     41 |   1 |   58.0 |
               +--------+--------+--------+--------+--------+-----+--------+

Top non-repeatable levels by time:
     D:8: 1173 daAuts
     D:7: 902 daAuts
     D:2: 835 daAuts
     D:1: 812 daAuts
     D:3: 751 daAuts
     D:4: 732 daAuts
     D:6: 633 daAuts
     D:5: 516 daAuts
     D:9: 136 daAuts
  Temple: 58 daAuts
